MLB
KANSAS CITY ROYALS @ BALTIMORE ORIOLES
08/24/2046
 
TOP OF THE 1ST
Kansas City Royals batting - Pitching for Baltimore Orioles : LHP Randy Johnson Jr.
Pitching: LHP Randy Johnson Jr.
Batting: SHB Tony Prado 0-0: Ball
1-0: Called Strike
1-1: Fly out, F4 (Line Drive, 4M, EV 66.9 MPH)
Batting: RHB Imbart Faber 0-0: Called Strike
0-1: Called Strike
0-2: Strikes out swinging
Batting: SHB Gil Switzer 0-0: Ball
1-0: Ball
2-0: SINGLE (Groundball, 25, EV 72.5 MPH) (infield hit)
Batting: RHB Bob Najar 0-0: Foul Ball, location: 2F
0-1: Ground out 4-3 (Groundball, 4, EV 87.5 MPH)
Top of the 1st over - 0 runs, 1 hit, 0 errors, 1 left on base; Kansas City 0 - Baltimore 0
BOTTOM OF THE 1ST
Baltimore Orioles batting - Pitching for Kansas City Royals : RHP Skyler Webster
Pitching: RHP Skyler Webster
Batting: LHB Brian Feher 0-0: Foul Ball, location: 2F
0-1: Ball
1-1: Foul Ball, location: 2F
1-2: Ball
2-2: Strikes out swinging
Batting: RHB Saimei Kudo 0-0: Swinging Strike
0-1: Called Strike
0-2: Strikes out looking
Batting: RHB Rudo Garciaparra 0-0: Ball
1-0: Ground out U3 (Groundball, 34S, EV 67.5 MPH)
Bottom of the 1st over - 0 runs, 0 hits, 0 errors, 0 left on base; Kansas City 0 - Baltimore 0
TOP OF THE 2ND
Kansas City Royals batting - Pitching for Baltimore Orioles : LHP Randy Johnson Jr.
Batting: LHB Bill Baconneck 0-0: Foul Ball, location: 2F
0-1: Ball
1-1: Foul Ball, location: 2F
1-2: Ball
2-2: Foul Ball, location: 2F
2-2: Ball
3-2: Fly out, F7 (Flyball, 7D, EV 98.1 MPH)
Batting: RHB Mikolas Markus 0-0: Foul Ball, location: 2F
0-1: Foul Ball, location: 2F
0-2: Ball
1-2: Strikes out swinging
Batting: RHB Aaron Matthews 0-0: Foul Ball, location: 2F
0-1: Foul Ball, location: 2F
0-2: Foul Ball, location: 2F
0-2: Ball
1-2: Ball
2-2: Fly out, F9 (Flyball, 9S, EV 85.0 MPH)
Top of the 2nd over - 0 runs, 0 hits, 0 errors, 0 left on base; Kansas City 0 - Baltimore 0
BOTTOM OF THE 2ND
Baltimore Orioles batting - Pitching for Kansas City Royals : RHP Skyler Webster
Batting: LHB Ernesto Cedillos 0-0: Called Strike
0-1: Ball
1-1: Ball
2-1: Ball
3-1: Foul Ball, location: 2F
3-2: Base on Balls
Batting: SHB Robert Handy 0-0: Ball
1-0: Ball
2-0: Foul Ball, location: 2F
2-1: DOUBLE (Groundball, 3D, EV 98.1 MPH)
Ernesto Cedillos to third
Batting: LHB Paul Diaz 0-0: Ball
1-0: Fly out, F7 (Flyball, 78S, EV 95.0 MPH)
Batting: RHB Muneer Maudad 0-0: Ball
1-0: Ball
2-0: Ball
3-0: Base on Balls
Batting: LHB Bob Melley 0-0: Called Strike
0-1: Ball
1-1: Called Strike
1-2: Fly out, F9 (Flyball, 9D, EV 103.1 MPH)
Runner from 3rd tags up, SCORES, no throw by RF
Batting: RHB Andres Leon 0-0: Foul Ball, location: 2F
0-1: Foul Ball, location: 2F
0-2: SINGLE (Line Drive, 89S, EV 93.1 MPH)
Robert Handy to third
Muneer Maudad to second
Runner from 3rd tries for Home, SAFE, throw by RF to home
Batting: LHB Brian Feher 0-0: DOUBLE (Line Drive, 78XD, EV 106.2 MPH)
Muneer Maudad scores
Andres Leon to third
Runner from 3rd tries for Home, SAFE, throw by LF to home
Batting: RHB Saimei Kudo 0-0: Ball
1-0: Ground out 1-3 (Groundball, 34S, EV 69.4 MPH)
Bottom of the 2nd over - 4 runs, 3 hits, 0 errors, 1 left on base; Kansas City 0 - Baltimore 4
TOP OF THE 3RD
Kansas City Royals batting - Pitching for Baltimore Orioles : LHP Randy Johnson Jr.
Batting: LHB Justin Rupert 0-0: Called Strike
0-1: Foul Ball, location: 2F
0-2: Strikes out swinging, 2-3 out at first.
Batting: LHB Sam Britt 0-0: Called Strike
0-1: Foul Ball, location: 2F
0-2: Strikes out swinging
Batting: SHB Tony Prado 0-0: Ball
1-0: Foul Ball, location: 2F
1-1: DOUBLE (Flyball, 8LXD, EV 112.5 MPH)
Batting: RHB Imbart Faber 0-0: Ball
1-0: Ball
2-0: Called Strike
2-1: Fly out, F5 (Line Drive, 5, EV 61.9 MPH)
Top of the 3rd over - 0 runs, 1 hit, 0 errors, 1 left on base; Kansas City 0 - Baltimore 4
BOTTOM OF THE 3RD
Baltimore Orioles batting - Pitching for Kansas City Royals : RHP Skyler Webster
Batting: RHB Rudo Garciaparra 0-0: Swinging Strike
0-1: Ball
1-1: Ball
2-1: Ball
3-1: Foul Ball, location: 2F
3-2: Strikes out looking
Batting: LHB Ernesto Cedillos 0-0: Ball
1-0: Foul Ball, location: 2F
1-1: Fly out, F9 (Line Drive, 9LS, EV 95.0 MPH)
Batting: SHB Robert Handy 0-0: Foul Ball, location: 2F
0-1: DOUBLE (Line Drive, 78M, EV 106.9 MPH)
Batting: LHB Paul Diaz 0-0: Called Strike
0-1: Ball
1-1: Ball
2-1: Ball
3-1: Called Strike
3-2: Foul Ball, location: 2F
3-2: Base on Balls
Batting: RHB Muneer Maudad 0-0: Ball
1-0: Ball
2-0: Called Strike
2-1: Swinging Strike
2-2: Fly out, F7 (Flyball, 78M, EV 90.6 MPH)
Bottom of the 3rd over - 0 runs, 1 hit, 0 errors, 2 left on base; Kansas City 0 - Baltimore 4
TOP OF THE 4TH
Kansas City Royals batting - Pitching for Baltimore Orioles : LHP Randy Johnson Jr.
Batting: SHB Gil Switzer 0-0: Called Strike
0-1: Ball
1-1: Called Strike
1-2: Ball
2-2: Foul Ball, location: 2F
2-2: Foul Ball, location: 2F
2-2: Foul Ball, location: 2F
2-2: Foul Ball, location: 2F
2-2: Strikes out swinging
Batting: RHB Bob Najar 0-0: Called Strike
0-1: Called Strike
0-2: Ground out 4-3 (Groundball, 4, EV 81.9 MPH)
Batting: LHB Bill Baconneck 0-0: Ball
1-0: Called Strike
1-1: Foul Ball, location: 2F
1-2: Ball
2-2: Foul Ball, location: 2F
2-2: Strikes out looking
Top of the 4th over - 0 runs, 0 hits, 0 errors, 0 left on base; Kansas City 0 - Baltimore 4
BOTTOM OF THE 4TH
Baltimore Orioles batting - Pitching for Kansas City Royals : RHP Skyler Webster
Batting: LHB Bob Melley 0-0: Ball
1-0: Ball
2-0: Ball
3-0: Base on Balls
Batting: RHB Andres Leon 0-0: Ball
1-0: Ball
2-0: Called Strike
Bob Melley is caught stealing 2nd base 2-4
2-1: Ball
3-1: Base on Balls
Batting: LHB Brian Feher 0-0: Called Strike
0-1: Swinging Strike
0-2: Ball
1-2: Foul Ball, location: 2F
1-2: Strikes out swinging
Batting: RHB Saimei Kudo 0-0: Called Strike
0-1: Swinging Strike
0-2: Foul Ball, location: 2F
0-2: Fly out, F7 (Flyball, 7D, EV 90.6 MPH)
Bottom of the 4th over - 0 runs, 0 hits, 0 errors, 1 left on base; Kansas City 0 - Baltimore 4
TOP OF THE 5TH
Kansas City Royals batting - Pitching for Baltimore Orioles : LHP Randy Johnson Jr.
Batting: RHB Mikolas Markus 0-0: Ball
1-0: Ball
2-0: SINGLE (Flyball, 3D, EV 85.0 MPH)
Batting: RHB Aaron Matthews 0-0: Ball
1-0: Swinging Strike
1-1: Foul Ball, location: 2F
1-2: Ball
2-2: Strikes out swinging
Batting: LHB Justin Rupert 0-0: Foul Ball, location: 2F
0-1: Ball
1-1: Fly out, F7 (Line Drive, 7S, EV 97.5 MPH)
Batting: LHB Sam Britt 0-0: Fielders Choice at 2nd, 5-4 (Groundball, 6, EV 85.0 MPH)
Top of the 5th over - 0 runs, 1 hit, 0 errors, 1 left on base; Kansas City 0 - Baltimore 4
BOTTOM OF THE 5TH
Baltimore Orioles batting - Pitching for Kansas City Royals : RHP Skyler Webster
Batting: RHB Rudo Garciaparra 0-0: SOLO HOME RUN (Line Drive, 9D, EV 101.9 MPH), Distance : 421 ft
Pitching: RHP Brandon Ferrari
Batting: LHB Ernesto Cedillos 0-0: Ball
1-0: Swinging Strike
1-1: Ground out 5-3 (Groundball, 6, EV 86.9 MPH)
Batting: SHB Robert Handy 0-0: Ground out 5-3 (Groundball, 56, EV 101.9 MPH)
Batting: LHB Paul Diaz 0-0: Foul Ball, location: 2F
0-1: Ball
1-1: Foul Ball, location: 2F
1-2: Strikes out swinging
Bottom of the 5th over - 1 run, 1 hit, 0 errors, 0 left on base; Kansas City 0 - Baltimore 5
TOP OF THE 6TH
Kansas City Royals batting - Pitching for Baltimore Orioles : LHP Randy Johnson Jr.
Batting: SHB Tony Prado 0-0: DOUBLE (Line Drive, 8RXD, EV 113.1 MPH)
Batting: RHB Imbart Faber 0-0: SINGLE (Groundball, 5L, EV 93.8 MPH) (infield hit)
Tony Prado to third
Batting: SHB Gil Switzer 0-0: Called Strike
0-1: Grounds into double play, U6-3 (Groundball, 4M, EV 89.4 MPH)
Tony Prado scores
Batting: RHB Bob Najar 0-0: Fly out, F8 (Flyball, 8LD, EV 89.4 MPH)
Top of the 6th over - 1 run, 2 hits, 0 errors, 0 left on base; Kansas City 1 - Baltimore 5
BOTTOM OF THE 6TH
Baltimore Orioles batting - Pitching for Kansas City Royals : RHP Brandon Ferrari
Batting: RHB Muneer Maudad 0-0: Foul Ball, location: 2F
0-1: Foul Ball, location: 2F
0-2: Ball
1-2: Foul Ball, location: 2F
1-2: Foul Ball, location: 2F
1-2: Ball
2-2: Ball
3-2: Base on Balls
Batting: LHB Bob Melley 0-0: Ball
1-0: Called Strike
1-1: Ball
Wild Pitch!
Muneer Maudad to second
2-1: Called Strike
2-2: Strikes out looking
Batting: RHB Andres Leon 0-0: SINGLE (Groundball, 34, EV 103.8 MPH)
Muneer Maudad to third
Batting: LHB Brian Feher 0-0: Ball
Andres Leon is caught stealing 2nd base 2-6
1-0: Called Strike
1-1: Swinging Strike
1-2: Ground out 6-3 (Groundball, 6, EV 100.0 MPH)
Bottom of the 6th over - 0 runs, 1 hit, 0 errors, 1 left on base; Kansas City 1 - Baltimore 5
TOP OF THE 7TH
Kansas City Royals batting - Pitching for Baltimore Orioles : LHP Randy Johnson Jr.
Batting: LHB Bill Baconneck 0-0: Foul Ball, location: 2F
0-1: Ball
1-1: Ball
2-1: SINGLE (Groundball, 34D, EV 95.0 MPH)
Batting: RHB Mikolas Markus 0-0: Ball
1-0: SINGLE (Line Drive, 89S, EV 111.2 MPH)
Bill Baconneck to second
Batting: RHB Aaron Matthews 0-0: Ball
1-0: Grounds into double play, 6-4-3 (Groundball, 6, EV 83.1 MPH)
Bill Baconneck to third
Batting: LHB Justin Rupert 0-0: Ball
1-0: DOUBLE (Line Drive, 9LD, EV 103.8 MPH)
Bill Baconneck scores
Batting: LHB Sam Britt 0-0: Called Strike
0-1: Ball
1-1: Ball
2-1: Ground out 5-3 (Groundball, 5, EV 99.4 MPH)
Top of the 7th over - 1 run, 3 hits, 0 errors, 1 left on base; Kansas City 2 - Baltimore 5
BOTTOM OF THE 7TH
Baltimore Orioles batting - Pitching for Kansas City Royals : RHP Brandon Ferrari
Pitching: RHP Gan Ts'ong
Batting: RHB Saimei Kudo 0-0: Ball
1-0: Called Strike
1-1: Ball
2-1: Fly out, F8 (Line Drive, 8RM, EV 98.8 MPH)
Batting: RHB Rudo Garciaparra 0-0: Called Strike
0-1: Swinging Strike
0-2: Ball
1-2: Strikes out swinging
Batting: LHB Ernesto Cedillos 0-0: Ball
1-0: Swinging Strike
1-1: Ground out 4-3 (Groundball, 4, EV 93.1 MPH)
Bottom of the 7th over - 0 runs, 0 hits, 0 errors, 0 left on base; Kansas City 2 - Baltimore 5
TOP OF THE 8TH
Kansas City Royals batting - Pitching for Baltimore Orioles : LHP Randy Johnson Jr.
Now at 1B: Aldo Questi
Now in RF: Blake Ballard
Batting: SHB Tony Prado 0-0: Foul Ball, location: 2F
0-1: Fly out, F9 (Line Drive, 9LM, EV 88.1 MPH)
Batting: RHB Imbart Faber 0-0: Ball
1-0: Ball
2-0: DOUBLE (Flyball, 8LXD, EV 102.5 MPH)
Batting: SHB Gil Switzer 0-0: Ball
1-0: Ball
2-0: Ball
3-0: Called Strike
3-1: Ground out 6-3 (Groundball, 6, EV 81.2 MPH)
Imbart Faber to third
Pitching: RHP Terry Huffmaster
Batting: RHB Bob Najar 0-0: DOUBLE (Line Drive, 7LM, EV 101.9 MPH)
Imbart Faber scores
Batting: LHB Bill Baconneck 0-0: Called Strike
0-1: Foul Ball, location: 2F
0-2: Ball
1-2: Ball
2-2: Ball
3-2: Foul Ball, location: 2F
3-2: Base on Balls
Pinch Hitting: LHB Manny Estrada 0-0: Ball
1-0: Called Strike
1-1: Ball
2-1: Ball
3-1: Swinging Strike
3-2: Ground out U3 (Groundball, 34S, EV 68.1 MPH)
Top of the 8th over - 1 run, 2 hits, 0 errors, 2 left on base; Kansas City 3 - Baltimore 5
BOTTOM OF THE 8TH
Baltimore Orioles batting - Pitching for Kansas City Royals : RHP Gan Ts'ong
Pitching: RHP Asa Hahn
Now at 3B: Yuichi Takata
Batting: SHB Robert Handy 0-0: Ball
1-0: DOUBLE (Groundball, 3L, EV 98.1 MPH)
Batting: LHB Paul Diaz 0-0: Sac Bunt to 15 - play at first, batter OUT! 1-3
Robert Handy to third
Batting: RHB Muneer Maudad 0-0: Ground out 6-3 (Groundball, 4M, EV 91.9 MPH)
Robert Handy scores
Batting: LHB Bob Melley 0-0: Ball
1-0: Ground out 4-3 (Groundball, 4, EV 92.5 MPH)
Bottom of the 8th over - 1 run, 1 hit, 0 errors, 0 left on base; Kansas City 3 - Baltimore 6
TOP OF THE 9TH
Kansas City Royals batting - Pitching for Baltimore Orioles : RHP Terry Huffmaster
Pitching: RHP Chris Dauphin
Now at 2B: Saimei Kudo
Now at 3B: Jesse Basich
Batting: RHB Aaron Matthews 0-0: Ball
1-0: Called Strike
1-1: Ball
2-1: Foul Ball, location: 2F
2-2: Foul Ball, location: 2F
2-2: Ball
3-2: Ground out 5-3 (Groundball, 5, EV 90.0 MPH)
Batting: LHB Justin Rupert 0-0: Ball
1-0: Ball
2-0: Ball
3-0: Called Strike
3-1: Foul Ball, location: 2F
3-2: Strikes out swinging, 2-3 out at first.
Batting: LHB Sam Britt 0-0: Ball
1-0: Fly out, F9 (Flyball, 9, EV 81.9 MPH)
Top of the 9th over - 0 runs, 0 hits, 0 errors, 0 left on base; Kansas City 3 - Baltimore 6
Tuesday, September 13th , 2022 - OOTP Baseball 23.7 Build 88